APL (24 & UNDER)
MONTGOMERY GREY SOX @ BEAVERTON BRONZE SOULS
06/08/2027
 
TOP OF THE 1ST
Montgomery Grey Sox batting - Pitching for Beaverton Bronze Souls : RHP David Peterson
Pitching: RHP David Peterson
Batting: RHB Frederick Curtis 0-0: Called Strike
0-1: Foul Ball, location: 2F
0-2: Ball
1-2: Ball
2-2: Ground out 6-3 (Groundball, 6)
Batting: SHB Joe Pierce 0-0: Ball
1-0: SINGLE (Groundball, 4MD)
Batting: RHB Dean Bailey 0-0: SINGLE (Flyball, 89S)
Joe Pierce to second
Batting: RHB Bryant von Bohlen 0-0: Ball
1-0: Ball
2-0: Foul Ball, location: 2F
2-1: SINGLE (Flyball, 8LS)
Joe Pierce to third
Dean Bailey to second
Runner from 3rd tries for Home, SAFE, no throw
Batting: RHB António Nevárez 0-0: Called Strike
0-1: Foul Ball, location: 2F
0-2: Strikes out looking
Batting: RHB Luis Pineda 0-0: SINGLE (Groundball, 4MD)
Dean Bailey to third
Bryant von Bohlen to second
Runner from 3rd tries for Home, SAFE, no throw
Batting: LHB Gilbert Stegall 0-0: Called Strike
0-1: Ball
Passed Ball!
Bryant von Bohlen to third
Luis Pineda to second
1-1: Called Strike
1-2: Strikes out swinging
Top of the 1st over - 2 run(s), 4 hit(s), 0 error(s), 2 left on base; Montgomery 2 - Beaverton 0
BOTTOM OF THE 1ST
Beaverton Bronze Souls batting - Pitching for Montgomery Grey Sox : LHP Lee González
Pitching: LHP Lee González
Batting: RHB Juan Becerra 0-0: Called Strike
0-1: Ball
1-1: Foul Ball, location: 2F
1-2: Foul Ball, location: 2F
1-2: Ball
2-2: Foul Ball, location: 2F
2-2: Foul Ball, location: 2F
2-2: Ball
3-2: Foul Ball, location: 2F
3-2: Ground out 6-3 (Groundball, 6)
Batting: SHB Dawson Fowler 0-0: Swinging Strike
0-1: Swinging Strike
0-2: Ball
1-2: Strikes out swinging
Batting: LHB Chance Santry 0-0: Called Strike
0-1: Swinging Strike
0-2: Ball
1-2: Strikes out swinging
Bottom of the 1st over - 0 run(s), 0 hit(s), 0 error(s), 0 left on base; Montgomery 2 - Beaverton 0
TOP OF THE 2ND
Montgomery Grey Sox batting - Pitching for Beaverton Bronze Souls : RHP David Peterson
Batting: LHB Amlak Saitoti 0-0: Ground out U3 (Groundball, 3L)
Batting: RHB Félix Guillén 0-0: Foul Ball, location: 2F
0-1: Called Strike
0-2: Ball
1-2: Hit by Pitch
Batting: RHB Frederick Curtis 0-0: Called Strike
0-1: Called Strike
0-2: Fly out, F8 (Flyball, 8RS)
Batting: SHB Joe Pierce 0-0: SINGLE (Line Drive, 4MD)
Félix Guillén to second
Batting: RHB Dean Bailey 0-0: Foul Ball, location: 2F
0-1: SINGLE (Line Drive, 8LM)
Félix Guillén to third
Joe Pierce to second
Batting: RHB Bryant von Bohlen 0-0: Hit by Pitch
Félix Guillén scores
Joe Pierce to third
Dean Bailey to second
Batting: RHB António Nevárez 0-0: Ball
1-0: SINGLE (Line Drive, 6)
Joe Pierce scores
Dean Bailey to third
Bryant von Bohlen to second
Runner from 3rd tries for Home, SAFE, no throw
Batting: RHB Luis Pineda 0-0: SINGLE (Groundball, 6MD)
Bryant von Bohlen to third
António Nevárez to second
Runner from 3rd tries for Home, SAFE, no throw
Pitching: LHP Ramón Rodríguez
Batting: LHB Gilbert Stegall 0-0: Ball
1-0: Called Strike
1-1: Ball
2-1: Ground out 3-1 (Groundball, 34S)
Top of the 2nd over - 4 run(s), 4 hit(s), 0 error(s), 2 left on base; Montgomery 6 - Beaverton 0
BOTTOM OF THE 2ND
Beaverton Bronze Souls batting - Pitching for Montgomery Grey Sox : LHP Lee González
Batting: RHB Carlos Guevara 0-0: Foul Ball, location: 2F
0-1: Ball
1-1: Ball
2-1: Called Strike
2-2: Ball
3-2: SINGLE (Line Drive, 8LS)
Batting: LHB Cristóbal Gómez 0-0: Ball
1-0: Swinging Strike
1-1: SINGLE (Line Drive, 78S)
Carlos Guevara to second
Batting: RHB David Kerr 0-0: Called Strike
0-1: Foul Ball, location: 2F
0-2: Fly out, F8 (Flyball, 8LM)
Batting: RHB Joe Brinkman 0-0: Foul Ball, location: 2F
0-1: SINGLE (Groundball, 4M) (infield hit)
Carlos Guevara to third
Cristóbal Gómez to second
Batting: RHB Carlos Carrillo 0-0: Called Strike
0-1: Foul Ball, location: 2F
0-2: Strikes out swinging
Batting: SHB Alberto Sandoval 0-0: SINGLE (Groundball, 34S) (infield hit)
Carlos Guevara scores
Cristóbal Gómez to third
Joe Brinkman to second
Batting: RHB Juan Becerra 0-0: Ball
1-0: Foul Ball, location: 2F
1-1: Called Strike
1-2: Strikes out swinging
Bottom of the 2nd over - 1 run(s), 4 hit(s), 0 error(s), 3 left on base; Montgomery 6 - Beaverton 1
TOP OF THE 3RD
Montgomery Grey Sox batting - Pitching for Beaverton Bronze Souls : LHP Ramón Rodríguez
Batting: LHB Amlak Saitoti 0-0: Foul Ball, location: 2F
0-1: Ball
1-1: Ground out U3 (Groundball, 23)
Batting: RHB Félix Guillén 0-0: Swinging Strike
0-1: Ball
1-1: Fly out, F8 (Flyball, 78S)
Batting: RHB Frederick Curtis 0-0: Called Strike
0-1: Called Strike
0-2: Ball
1-2: Foul Ball, location: 2F
1-2: Strikes out swinging
Top of the 3rd over - 0 run(s), 0 hit(s), 0 error(s), 0 left on base; Montgomery 6 - Beaverton 1
BOTTOM OF THE 3RD
Beaverton Bronze Souls batting - Pitching for Montgomery Grey Sox : LHP Lee González
Batting: SHB Dawson Fowler 0-0: Ball
1-0: Ball
2-0: Called Strike
2-1: Ball
3-1: Foul Ball, location: 2F
3-2: Foul Ball, location: 2F
3-2: Foul Ball, location: 2F
3-2: Fly out, F5 (Popup, 5L)
Batting: LHB Chance Santry 0-0: Ball
1-0: Called Strike
1-1: Ball
2-1: Ball
3-1: Called Strike
3-2: Fly out, F9 (Flyball, 89M)
Batting: RHB Carlos Guevara 0-0: Ground out 6-3 (Groundball, 6)
Bottom of the 3rd over - 0 run(s), 0 hit(s), 0 error(s), 0 left on base; Montgomery 6 - Beaverton 1
TOP OF THE 4TH
Montgomery Grey Sox batting - Pitching for Beaverton Bronze Souls : LHP Ramón Rodríguez
Batting: SHB Joe Pierce 0-0: Ball
1-0: Foul Ball, location: 2F
1-1: Called Strike
1-2: Foul Ball, location: 2F
1-2: Ball
2-2: Ball
3-2: Fly out, F2 (Popup, 34S)
Batting: RHB Dean Bailey 0-0: Called Strike
0-1: Ball
1-1: SINGLE (Line Drive, 7LS)
Batting: RHB Bryant von Bohlen 0-0: Ball
1-0: Called Strike
Dean Bailey is caught stealing 2nd base
1-1: Foul Ball, location: 2F
1-2: Foul Ball, location: 2F
1-2: Strikes out swinging
Top of the 4th over - 0 run(s), 1 hit(s), 0 error(s), 0 left on base; Montgomery 6 - Beaverton 1
BOTTOM OF THE 4TH
Beaverton Bronze Souls batting - Pitching for Montgomery Grey Sox : LHP Lee González
Batting: LHB Cristóbal Gómez 0-0: Ball
1-0: Foul Ball, location: 2F
1-1: SINGLE (Line Drive, 34D)
Batting: RHB David Kerr 0-0: Called Strike
0-1: Ball
1-1: Ball
2-1: Ball
3-1: Base on Balls
Cristóbal Gómez to second
Batting: RHB Joe Brinkman 0-0: Ball
Passed Ball!
Cristóbal Gómez to third
David Kerr to second
1-0: SINGLE (Flyball, 8LS)
Cristóbal Gómez scores
David Kerr to third
Batting: RHB Carlos Carrillo 0-0: Ball
1-0: Fly out, F9 (Flyball, 9LS)
Runner from 3rd tags up, SCORES, no throw
Batting: SHB Alberto Sandoval 0-0: Ball
1-0: Ball
Joe Brinkman is caught stealing 2nd base
2-0: Ball
3-0: Base on Balls
Batting: RHB Juan Becerra 0-0: Ground out 1-3 (Groundball, 15S)
Bottom of the 4th over - 2 run(s), 2 hit(s), 0 error(s), 1 left on base; Montgomery 6 - Beaverton 3
TOP OF THE 5TH
Montgomery Grey Sox batting - Pitching for Beaverton Bronze Souls : LHP Ramón Rodríguez
Batting: RHB António Nevárez 0-0: Ground out 4-3 (Groundball, 4)
Batting: RHB Luis Pineda 0-0: Fly out, F5 (Popup, 5S)
Batting: LHB Gilbert Stegall 0-0: Ground out 6-3 (Groundball, 6)
Top of the 5th over - 0 run(s), 0 hit(s), 0 error(s), 0 left on base; Montgomery 6 - Beaverton 3
BOTTOM OF THE 5TH
Beaverton Bronze Souls batting - Pitching for Montgomery Grey Sox : LHP Lee González
Batting: SHB Dawson Fowler 0-0: Ball
1-0: Foul Ball, location: 2F
1-1: Ball
2-1: Foul Ball, location: 2F
2-2: Foul Ball, location: 2F
2-2: Ball
3-2: SOLO HOME RUN (Flyball, 78XD), Distance : 410 ft
Batting: LHB Chance Santry 0-0: Foul Ball, location: 2F
0-1: Foul Ball, location: 2F
0-2: Ball
1-2: Strikes out swinging
Batting: RHB Carlos Guevara 0-0: Foul Ball, location: 2F
0-1: Swinging Strike
0-2: Ball
1-2: Strikes out looking
Batting: LHB Cristóbal Gómez 0-0: Foul Ball, location: 2F
0-1: SINGLE (Line Drive, 6M)
Pitching: LHP Raúl Coranillo
Batting: RHB David Kerr 0-0: Ball
1-0: Ball
2-0: Ball
3-0: Called Strike
3-1: Base on Balls
Cristóbal Gómez to second
Batting: RHB Joe Brinkman 0-0: Ball
1-0: Ball
2-0: Ball
3-0: Base on Balls
Cristóbal Gómez to third
David Kerr to second
Batting: RHB Carlos Carrillo 0-0: Called Strike
0-1: Fly out, F7 (Flyball, 7LM)
Bottom of the 5th over - 1 run(s), 2 hit(s), 0 error(s), 3 left on base; Montgomery 6 - Beaverton 4
TOP OF THE 6TH
Montgomery Grey Sox batting - Pitching for Beaverton Bronze Souls : LHP Ramón Rodríguez
Batting: LHB Amlak Saitoti 0-0: Called Strike
0-1: SINGLE (Groundball, 4D)
Batting: RHB Félix Guillén 0-0: Foul Ball, location: 2F
0-1: Called Strike
0-2: SINGLE (Flyball, 7S)
Amlak Saitoti to second
Batting: RHB Frederick Curtis 0-0: Ball
1-0: Called Strike
1-1: Ball
2-1: Ball
3-1: Swinging Strike
3-2: Strikes out swinging
Batting: SHB Joe Pierce 0-0: Ball
1-0: Foul Ball, location: 2F
1-1: Ball
2-1: Ball
3-1: Grounds into double play, 5-4-3 (Groundball, 56)
Top of the 6th over - 0 run(s), 2 hit(s), 0 error(s), 1 left on base; Montgomery 6 - Beaverton 4
BOTTOM OF THE 6TH
Beaverton Bronze Souls batting - Pitching for Montgomery Grey Sox : LHP Raúl Coranillo
Batting: SHB Alberto Sandoval 0-0: Foul Ball, location: 2F
0-1: Fly out, F6 (Popup, 5D)
Batting: RHB Juan Becerra 0-0: Foul Ball, location: 2F
0-1: Swinging Strike
0-2: Fly out, F8 (Flyball, 89M)
Batting: SHB Dawson Fowler 0-0: SINGLE (Groundball, 6D)
Batting: LHB Chance Santry 0-0: Ball
1-0: Swinging Strike
1-1: Fly out, F7 (Flyball, 7S)
Bottom of the 6th over - 0 run(s), 1 hit(s), 0 error(s), 1 left on base; Montgomery 6 - Beaverton 4
TOP OF THE 7TH
Montgomery Grey Sox batting - Pitching for Beaverton Bronze Souls : LHP Ramón Rodríguez
Batting: RHB Dean Bailey 0-0: Called Strike
0-1: Fly out, F5 (Popup, 5)
Batting: RHB Bryant von Bohlen 0-0: Ball
1-0: Foul Ball, location: 2F
1-1: Ball
2-1: Ball
3-1: Foul Ball, location: 2F
3-2: Base on Balls
Batting: RHB António Nevárez 0-0: Called Strike
0-1: Ball
1-1: Swinging Strike
1-2: Ball
2-2: DOUBLE (Line Drive, 9LM)
Bryant von Bohlen to third
Batting: RHB Luis Pineda 0-0: Called Strike
0-1: Reached on error, E4 (Groundball, 4M)
Bryant von Bohlen scores
António Nevárez to third
Pitching: RHP Juan Sandoval
Batting: LHB Gilbert Stegall 0-0: Ball
1-0: Ball
2-0: Foul Ball, location: 2F
2-1: Called Strike
2-2: Ball
3-2: Base on Balls
Luis Pineda to second
Pinch Hitting: LHB Bob Jones 0-0: Foul Ball, location: 2F
0-1: Foul Ball, location: 2F
0-2: Fly out, F8 (Flyball, 8LS)
Batting: RHB Félix Guillén 0-0: Ball
1-0: Fielders Choice at 2nd, 5-4 (Groundball, 56)
Top of the 7th over - 1 run(s), 1 hit(s), 1 error(s), 2 left on base; Montgomery 7 - Beaverton 4
BOTTOM OF THE 7TH
Beaverton Bronze Souls batting - Pitching for Montgomery Grey Sox : LHP Raúl Coranillo
Now at 2B: Alberto García
Batting: RHB Carlos Guevara 0-0: Ball
1-0: Ball
2-0: Swinging Strike
2-1: Swinging Strike
2-2: Ball
3-2: Strikes out swinging
Batting: LHB Cristóbal Gómez 0-0: Called Strike
0-1: Called Strike
0-2: Ball
1-2: Ball
2-2: Ball
3-2: Base on Balls
Batting: RHB David Kerr 0-0: Grounds into double play, 4-6-3 (Groundball, 4M)
Bottom of the 7th over - 0 run(s), 0 hit(s), 0 error(s), 0 left on base; Montgomery 7 - Beaverton 4
TOP OF THE 8TH
Montgomery Grey Sox batting - Pitching for Beaverton Bronze Souls : RHP Juan Sandoval
Batting: RHB Frederick Curtis 0-0: Ball
1-0: Ball
2-0: Ball
3-0: Called Strike
3-1: Ground out 5-3 (Groundball, 5)
Batting: SHB Joe Pierce 0-0: Called Strike
0-1: Ball
1-1: Swinging Strike
1-2: Strikes out swinging
Batting: RHB Dean Bailey 0-0: Fly out, F4 (Popup, 4MD)
Top of the 8th over - 0 run(s), 0 hit(s), 0 error(s), 0 left on base; Montgomery 7 - Beaverton 4
BOTTOM OF THE 8TH
Beaverton Bronze Souls batting - Pitching for Montgomery Grey Sox : LHP Raúl Coranillo
Batting: RHB Joe Brinkman 0-0: Ball
1-0: Called Strike
1-1: Ball
2-1: Reached on error, E6 (Groundball, 6)
Pitching: RHP Brian Barker
Batting: RHB Carlos Carrillo 0-0: Called Strike
0-1: SINGLE (Flyball, 8RS)
Joe Brinkman to third
Runner from 3rd tries for Home, SAFE, no throw
Pitching: LHP Juan Reyes
Batting: SHB Alberto Sandoval 0-0: Called Strike
0-1: Ball
1-1: Grounds into double play, 5-4-3 (Groundball, 56)
Batting: RHB Juan Becerra 0-0: Swinging Strike
0-1: Ball
1-1: Foul Ball, location: 2F
1-2: Ball
2-2: Ball
3-2: Base on Balls
Batting: SHB Dawson Fowler 0-0: Ball
1-0: Ball
2-0: Foul Ball, location: 2F
2-1: SINGLE (Groundball, 56D)
Juan Becerra to second
Batting: LHB Chance Santry 0-0: Foul Ball, location: 2F
0-1: Swinging Strike
0-2: Ball
1-2: Ball
2-2: Ball
3-2: Strikes out swinging
Bottom of the 8th over - 1 run(s), 2 hit(s), 1 error(s), 2 left on base; Montgomery 7 - Beaverton 5
TOP OF THE 9TH
Montgomery Grey Sox batting - Pitching for Beaverton Bronze Souls : RHP Juan Sandoval
Pitching: LHP Mike Stevens
Batting: RHB Bryant von Bohlen 0-0: Called Strike
0-1: Fly out, F8 (Flyball, 8RM)
Batting: RHB António Nevárez 0-0: Called Strike
0-1: Ball
1-1: Swinging Strike
1-2: Ball
2-2: Strikes out swinging, 2-3 out at first.
Batting: RHB Luis Pineda 0-0: Ball
1-0: Called Strike
1-1: Ball
2-1: Hit by Pitch
Batting: LHB Gilbert Stegall 0-0: Called Strike
0-1: Ball
1-1: Foul Ball, location: 2F
1-2: Foul Ball, location: 2F
1-2: Ball
2-2: Foul Ball, location: 2F
2-2: Strikes out looking
Top of the 9th over - 0 run(s), 0 hit(s), 0 error(s), 1 left on base; Montgomery 7 - Beaverton 5
BOTTOM OF THE 9TH
Beaverton Bronze Souls batting - Pitching for Montgomery Grey Sox : LHP Juan Reyes
Pitching: RHP Raúl Martínez
Batting: RHB Carlos Guevara 0-0: Fly out, F9 (Flyball, 89S)
Batting: LHB Cristóbal Gómez 0-0: Called Strike
0-1: Ball
1-1: Called Strike
1-2: Ball
2-2: Ball
3-2: Base on Balls
Pinch Hitting: RHB Tom Hughes 0-0: Grounds into double play, 5-4-3 (Groundball, 56)
Bottom of the 9th over - 0 run(s), 0 hit(s), 0 error(s), 0 left on base; Montgomery 7 - Beaverton 5
Thursday, March 30th, 2017 - OOTP Baseball 17.12 Build 75